 Dungeon Crawl Stone Soup version 0.29.1-13-g9f3cf754e1 (webtiles) character file.

Game seed: 14335118278516481874

99 H0rd4k the Charlatan (level 4, -9/30 HPs)
             Began as an Octopode Artificer on Feb 9, 2023.
             Mangled by an orc warrior
             ... wielding a +2 halberd of protection
              (19 damage)
             ... on level 5 of the Dungeon.
             The game lasted 00:02:11 (3813 turns).

H0rd4k the Charlatan (Octopode Artificer)           Turns: 3813, Time: 00:02:12

Health: -9/30      AC:  1    Str: 11    XL:     4   Next: 72%
Magic:  7/7        EV: 13    Int: 15    God:
Gold:   191        SH:  0    Dex: 12    Spells: 7/7 levels left

rFire   + . .      SeeInvis .     - Unarmed
rCold   x . .      Faith    .   (no shield)
rNeg    . . .      Spirit   .   (helmet restricted)
rPois   .          Reflect  .   k - amulet of the acrobat
rElec   .          Harm     .   f - ring of wizardry
rCorr   .          Rampage  .   m - ring of fire
Will    .....                   (no ring)
Stlth   +++.......              (no ring)
HPRegen 0.10/turn               (no ring)
MPRegen 0.10/turn               (no ring)
                                (no ring)
                                (no ring)

@: no status effects
A: almost no armour, amphibious, 8 rings, camouflage 1, gelatinous body 1,
(nimble swimmer 1), tentacles
a: no special abilities


You were on level 5 of the Dungeon.
You visited 1 branch of the dungeon, and saw 5 of its levels.

You collected 191 gold pieces.

Inventory:

Missiles
 n - 12 poisoned darts
 s - 5 datura-tipped darts
Jewellery
 f - a ring of wizardry (left tentacle)
 k - an amulet of the acrobat (around mantle)
 m - a ring of fire (right tentacle)
 w - an amulet of faith
Wands
 b - a wand of flame (15) (quivered)
 c - a wand of charming (7)
 d - a wand of iceblast (2)
 u - a wand of polymorph (6)
Scrolls
 h - 2 scrolls of amnesia {unknown}
 i - 4 scrolls of teleportation {unknown}
 j - 2 scrolls of blinking {unknown}
 q - 3 scrolls of identify {unknown}
 r - a scroll of fear {unknown}
 t - a scroll of poison {unknown}
Potions
 a - 2 potions of attraction {unknown}
 e - a potion of invisibility {unknown}
 g - a potion of heal wounds {unknown}
 l - 2 potions of mutation {unknown}
 o - 2 potions of might {unknown}
 p - a potion of degeneration {unknown}
 v - a potion of magic {unknown}
 x - a potion of ambrosia {unknown}
 z - a potion of curing {unknown}


   Skills:
 * Level 2.5 Fighting
 - Level 2.3 Dodging
 - Level 1.3 Stealth
 + Level 1.9 Unarmed Combat
 * Level 2.2 Spellcasting
 - Level 3.2 Evocations


You had 7 spell levels left.
You didn't know any spells.
Your spell library contained the following spells:

 Spells                   Type           Power      Damage    Failure   Level
 Beastly Appendage        Tmut           2%         N/A       9%          1
 Wereblood                Tmut           1%         N/A       13%         2
 Ozocubu's Armour         Ice            1%         N/A       26%         3
 Spider Form              Tmut/Pois      1%         N/A       26%         3
 Petrify                  Tmut/Erth      1%         N/A       61%         4
 Metabolic Englaciation   Hex/Ice        0%         N/A       91%         5
 Statue Form              Tmut/Erth      0%         N/A       100%        6
 Ozocubu's Refrigeration  Ice            0%         4d7       100%        7


Dungeon Overview and Level Annotations

Branches:
Dungeon (5/15)
 Temple: D:4-7

Altars:
Uskayaw

Shops:
D:1 ?   D:2 *   D:4 [


Innate Abilities, Weirdness & Mutations

You cannot wear most types of armour.
You are amphibious.
You can wear up to eight rings at the same time.
Your skin changes colour to match your surroundings (Stealth+).
Your rubbery body absorbs attacks. (AC +1, EV +1)
((You are camouflaged when in or above water. (Stealth+)))
You have tentacles for arms and can constrict up to eight enemies at once.


Message History

Something hits your orc wizard but does no damage.
Your orc wizard points at the orc and mumbles some strange words.
The orc appears confused.
The orc closely misses your orc wizard. Something hits your orc wizard!
Your orc wizard dies!
The orc mumbles something.
Aiming: Iceblast
Press: ? - help, Shift-Dir - straight line, f - orc
Aim: an orc, wielding a +0 mace (moderately wounded, confused)
The mass of ice explodes!
The iceblast engulfs the orc!!
You kill the orc!
The iceblast engulfs the orc!!
You kill the orc!
The iceblast engulfs the orc warrior but does no damage.
The orc warrior is lightly wounded.
Aiming: Iceblast
Press: ? - help, Shift-Dir - straight line, f - orc warrior
Aim: an orc warrior, wielding a +2 halberd of protection and wearing a +0 chain mail (lightly wounded)
The mass of ice explodes!
The iceblast engulfs the orc warrior.
The orc warrior is moderately wounded.
Unknown command.
Aiming: Iceblast
Press: ? - help, Shift-Dir - straight line, f/p - orc warrior
Aim: an orc warrior, wielding a +2 halberd of protection and wearing a +0 chain mail (moderately wounded)
The mass of ice explodes!
The iceblast engulfs the orc warrior.
The orc warrior is moderately wounded.
Unknown command.
Aiming: Charm
Press: ? - help, Shift-Dir - straight line, f/p - orc warrior
Aim: an orc warrior, wielding a +2 halberd of protection and wearing a +0 chain mail (moderately wounded, chance to affect: 57%)
The orc warrior resists with significant effort.
The orc warrior barely misses you.
Unknown command.
Aiming: Charm
Press: ? - help, Shift-Dir - straight line, f/p - orc warrior
Aim: an orc warrior, wielding a +2 halberd of protection and wearing a +0 chain mail (moderately wounded, chance to affect: 57%)
The orc warrior resists with significant effort.
The orc warrior hits you from afar with a +2 halberd of protection!!
Ouch! That really hurt!
You die...

# #.# ..# ## ###.#
#..# .###..# #..#
......# #))#
.....## #).#
.....# #..#
##...##
########o.#
##...###.........#
##<...........@.#
##.............#
##...#.........#
##...####.<....?#
#...## ##.......#
....### #.......#
##### #######..#
#..# #..


You could see an orc warrior.

Vanquished Creatures
  A gnoll (D:1)
  4 adders
  A worm (D:2)
  3 dart slugs
  3 orcs
  2 endoplasms
  3 goblins
  5 hobgoblins
  4 jackals (D:4)
  A quokka (D:3)
  3 ball pythons
  2 frilled lizards (D:3)
  3 kobolds
  5 rats
40 creatures vanquished.

Vanquished Creatures (collateral kills)
  2 ball pythons
2 creatures vanquished.

Vanquished Creatures (others)
  2 orc wizards (D:5)
  A kobold (D:2)
3 creatures vanquished.

Grand Total: 45 creatures vanquished

Notes
Turn   | Place    | Note
-------+----------+-------------------------------------------
     0 | D:1      | H0rd4k the Octopode Artificer began the quest for the Orb.
     0 | D:1      | Reached XP level 1. HP: 13/13 MP: 1/1
   530 | D:1      | Reached skill level 1 in Spellcasting
   530 | D:1      | Reached XP level 2. HP: 18/18 MP: 3/3
   634 | D:1      | Found Muomeqig's Magic Scroll Emporium.
  1006 | D:1      | Reached XP level 3. HP: 11/24 MP: 5/5
  1579 | D:2      | Found Ugoloits's Assorted Antiques.
  1915 | D:2      | You fall into a shaft and drop 1 floor!
  2060 | D:3      | Reached skill level 1 in Unarmed Combat
  2310 | D:3      | Noticed a +0 falchion
  2310 | D:3      | Noticed a +0 falchion
  2312 | D:3      | Noticed a +0 short sword
  2312 | D:3      | Noticed a +0 dagger
  2312 | D:3      | Noticed a +0 spear
  2313 | D:3      | Noticed a +0 spear
  2313 | D:3      | Noticed a +0 short sword
  2314 | D:3      | Noticed a +0 dagger
  2392 | D:3      | Reached XP level 4. HP: 18/29 MP: 5/7
  2722 | D:3      | Found a hide-covered altar of Uskayaw.
  3444 | D:4      | Found Ewecij's Antique Armour Boutique.
  3667 | D:5      | Entered Level 5 of the Dungeon
  3765 | D:5      | Noticed a steam dragon
  3799 | D:5      | Noticed an orc warrior
  3813 | D:5      | Mangled by an orc warrior

Illustrated notes

Levels and vault maps discovered:
D:1:      nzn_arrival_settlement, layout_basic, serial_shops, nicolae_shop_stone
D:2:      layout_loops_cross, serial_shops, shop,
          hellmonk_ecumenical_altar_arch_garden
D:3:      layout_loops_ring, nicolae_uskayaw_en_pointe
D:4:      layout_layer_cave, serial_shops, nicolae_square_shop
D:5:      layout_layer_cave, temple_green

Skill      XL: |  1  2  3 |
---------------+----------+-----
Spellcasting   | 1 2 |  2.2
Fighting       | 2 |  2.5
Unarmed Combat | 1 |  1.9
Dodging        | |  2.3
Stealth        | |  1.3
Evocations     | |  3.2

Action                   |  1- 3 |  4- 6 || total
-------------------------+-------+-------++-------
Melee: Unarmed           |    59 |    34 ||    93
       Tentacles         |    17 |     6 ||    23
       Constrict         |    17 |    11 ||    28
       Punch             |     1 |       ||     1
Evoke: Wand              |     2 |     9 ||    11
 Stab: Sleeping          |    12 |     3 ||    15
       Distracted        |     1 |       ||     1
Armor: Skin              |     2 |       ||     2
Dodge: Dodged            |    25 |    25 ||    50
